 Dungeon Crawl Stone Soup version 0.29.1-2-gbd0b4ee654 (webtiles) character file.

Game seed: 16468016915705686284

49 H0rd4k the Charlatan (level 3, -4/24 HPs)
             Began as an Octopode Artificer on Nov 30, 2022.
             Slain by a gnoll
             ... wielding a +0 halberd
              (14 damage)
             ... on level 2 of the Dungeon.
             The game lasted 00:01:19 (1938 turns).

H0rd4k the Charlatan (Octopode Artificer)           Turns: 1938, Time: 00:01:20

Health: -4/24      AC:  1    Str: 11    XL:     3   Next: 75%
Magic:  5/5        EV: 13    Int: 15    God:
Gold:   84         SH:  0    Dex: 12    Spells: 5/5 levels left

rFire   . . .      SeeInvis .     - Unarmed
rCold   . . .      Faith    .   (no shield)
rNeg    . . .      Spirit   .   (helmet restricted)
rPois   .          Reflect  .   (no amulet)
rElec   .          Harm     .   (no ring)
rCorr   .          Rampage  .   (no ring)
Will    .....                   (no ring)
Stlth   +++.......              (no ring)
HPRegen 0.08/turn               (no ring)
MPRegen 0.09/turn               (no ring)
                                (no ring)
                                (no ring)

@: no status effects
A: almost no armour, amphibious, 8 rings, camouflage 1, gelatinous body 1,
(nimble swimmer 1), tentacles
a: no special abilities


You were on level 2 of the Dungeon.
You visited 1 branch of the dungeon, and saw 2 of its levels.

You collected 84 gold pieces.

Inventory:

Missiles
 a - 2 poisoned darts
Wands
 b - a wand of flame (15) (quivered)
 c - a wand of charming (14)
 d - a wand of iceblast (5)
Scrolls
 g - 2 scrolls of identify {unknown}
 h - a scroll of poison {unknown}
 i - a scroll of vulnerability {unknown}
 j - a scroll of enchant weapon {unknown}
Potions
 e - a potion of lignification {unknown}
 f - a potion of brilliance {unknown}
 k - a potion of haste {unknown}


   Skills:
 * Level 2.2 Fighting
 - Level 2.3 Dodging
 - Level 1.3 Stealth
 + Level 1.3 Unarmed Combat
 * Level 1.6 Spellcasting
 - Level 3.2 Evocations


You had 5 spell levels left.
You didn't know any spells.
Your spell library was empty.

Dungeon Overview and Level Annotations

Branches:
Dungeon (2/15)

Altars:


Innate Abilities, Weirdness & Mutations

You cannot wear most types of armour.
You are amphibious.
You can wear up to eight rings at the same time.
Your skin changes colour to match your surroundings (Stealth+).
Your rubbery body absorbs attacks. (AC +1, EV +1)
((You are camouflaged when in or above water. (Stealth+)))
You have tentacles for arms and can constrict up to eight enemies at once.


Message History

A rat is nearby!
You tentacle-slap the rat.
You kill the rat!
You now have 64 gold pieces (gained 9).
i - a scroll labelled LOYGIPSU QANYD No target in view!
You now have 84 gold pieces (gained 20).
Things that are here:
a +0 dagger; 5 boomerangs You see here a bat corpse.
j - a scroll labelled KICWIS UFEHO No target in view!
k - a fizzy emerald potion No target in view!
You see here a bat corpse.
Things that are here:
a +0 dagger; 5 boomerangs A gnoll comes into view.
It is wielding a +0 halberd.
The gnoll shouts!
You hear a shout!
A gnoll comes into view. It is wielding a +0 halberd.
A gnoll is nearby!
A gnoll comes into view. It is wielding a +0 whip.
There are monsters nearby!
The gnoll hits you from afar with a +0 halberd!
Ouch! That really hurt!
There are monsters nearby!
You are too injured to fight recklessly!
You are too injured to fight recklessly!
Unknown command.
Saving game... please wait.
Welcome back, H0rd4k the Octopode Artificer.
Press ? for a list of commands and other information.
Aiming: Charm
Press: ? - help, Shift-Dir - straight line, f - gnoll
Aim: a gnoll, wielding a +0 halberd (chance to affect: 66%)
The gnoll struggles to resist.
An adder comes into view.
The gnoll hits you from afar with a +0 halberd!
Ouch! That really hurt!
You die... ##. #.
S.g

. .. ###### . ..
#....# #.#. #....# .
#.#g #....####.#.
#...######.......#.#.
#.@[......).......
##...#.#.......#.#.
#.#...........#.#.
#.#...†..#.)†....#
#.#...†..)........
#.#.........†.....
#####
#####(#.............(#
#...#
#....†..#.###........#
###.#.###.....###.#
#..†.....#


You could see 2 gnolls and an adder (wandering).

Vanquished Creatures
  2 dart slugs (D:1)
  4 endoplasms (D:1)
  2 giant cockroaches (D:1)
  5 goblins
  4 hobgoblins
  2 kobolds (D:1)
  3 quokkas (D:1)
  4 ball pythons
  6 bats
  3 frilled lizards (D:1)
  7 rats
42 creatures vanquished.

Notes
Turn   | Place    | Note
-------+----------+-------------------------------------------
     0 | D:1      | H0rd4k the Octopode Artificer began the quest for the Orb.
     0 | D:1      | Reached XP level 1. HP: 13/13 MP: 1/1
   315 | D:1      | Reached XP level 2. HP: 18/18 MP: 1/3
   459 | D:1      | Reached skill level 1 in Spellcasting
   864 | D:1      | Reached XP level 3. HP: 11/24 MP: 4/4
  1421 | D:1      | Reached skill level 1 in Unarmed Combat
  1829 | D:2      | Found a faded altar of an unknown god.
  1938 | D:2      | Slain by a gnoll

Illustrated notes

Levels and vault maps discovered:
D:1:      psy_arrival_whirlpool, layout_loops_ring
D:2:      layout_basic, hellmonk_ecumenical_altar_heavens_door

Skill      XL: |  1  2  3 |
---------------+----------+-----
Spellcasting   | 1 |  1.6
Fighting       | 2 |  2.2
Unarmed Combat | 1 |  1.3
Dodging        | |  2.3
Stealth        | |  1.3
Evocations     | |  3.2

Action                   || total
-------------------------++-------
Melee: Unarmed           ||   109
       Tentacles         ||    27
       Constrict         ||    23
Evoke: Wand              ||     1
 Stab: Sleeping          ||     9
Armor: Skin              ||    14
Dodge: Dodged            ||    73
